cohdb
Replays
Latest Replays
All Replays
Popular Replays
Top Player Replays
Match Explorer
How It Works
Community
CoH3 Stats
Reddit
Sign in to upload your games and track your stats! →
Sign in with Steam
Match 40842636
Unlisted
Match 40842636
Overview
Messages
Build Orders
End
Construct Infanterie Kompanie
Grenadier Squad
Selects Mechanized Battlegroup
MG 42 Machine Gun Team
Grenadier Squad
Grenadier Squad
Medical Station
GrW 34 Mortar Team
Construct Luftwaffe Kompanie
Support Elements
MG 42 Machine Gun Team
Selects Raid Package
Wirbelwind Flakpanzer
Selects StuG Assault Group
StuG Assault Group
Selects UNKNOWN (2160084)
Selects Spotting Scopes
Construct Panzer Kompanie
Selects Wespe Self-propelled Artillery
Panther Heavy Tank
Selects Zeroing Artillery Barrage
Zeroing Artillery Barrage
Panther Heavy Tank
Krazysquirel
Faded Tiger
div_1331
KHALIFA-MHR
彡★🔻SALADIN🔻★彡
Mystia Lorelei
0
0
Comments
sign in to comment!
No comments posted yet!